 Dungeon Crawl Stone Soup version 0.27-a0-1189-gb8eb6cee8e (webtiles) character file.

Game seed: 5789529024924893899

115 Wyvernaa the Cudgeller (level 4, -9/34 HPs)
             Began as a Demonspawn Gladiator on May 22, 2021.
             Mangled by a gnoll
             ... wielding a +4 spear
              (12 damage)
             ... on level 3 of the Dungeon.
             The game lasted 00:06:21 (3469 turns).

Wyvernaa the Cudgeller (Demonspawn Gladiator)       Turns: 3469, Time: 00:06:22

Health: -9/34      AC:  4    Str: 15      XL:     4   Next: 68%
Magic:  4/4        EV: 17    Int: 10 (11) God:
Gold:   169        SH:  0    Dex: 17      Spells: 3/3 levels left

rFire    . . .     SeeInvis .   a - +0 flail
rCold    . . .     Faith    .   (no shield)
rNeg     . . .     Spirit   .   b - +0 leather armour
rPois    .         Reflect  .   c - +0 helmet
rElec    .         Harm     .   (no cloak)
rCorr    .         Rampage  .   (no gloves)
Will     .....                  (no boots)
Stlth    +.........             (no amulet)
HPRegen  0.11/turn              j - +4 ring of evasion
MPRegen  0.09/turn              (no ring)

@: no status effects
A: hooves 1, big brain 1, agile 1
a: no special abilities


You were on level 3 of the Dungeon.
You visited 1 branch of the dungeon, and saw 3 of its levels.

You collected 169 gold pieces.

Inventory:

Hand Weapons
 a - a +0 flail (weapon)
Missiles
 d - 3 throwing nets (quivered)
Armour
 b - a +0 leather armour (worn)
 c - a +0 helmet (worn)
Jewellery
 j - a +4 ring of evasion (left hand)
Wands
 p - a wand of charming (7)
Scrolls
 i - a scroll of teleportation {unknown}
 m - 2 scrolls of enchant armour {unknown}
Potions
 e - a potion of degeneration
 f - a potion of curing
 g - 2 potions of ambrosia {unknown}
 o - a potion of resistance


   Skills:
 + Level 2.4 Fighting
 + Level 3.9 Maces & Flails
 + Level 1.8 Throwing
 + Level 1.4 Armour
 + Level 3.2 Dodging
 + Level 0.5 Stealth


You had 3 spell levels left.
You didn't know any spells.
Your spell library contained the following spells:

 Spells                   Type           Power      Damage    Failure   Level
 Animate Skeleton         Necr           0%         N/A       43%         1
 Corona                   Hex            0%         N/A       43%         1
 Pain                     Necr           0%         1d4       43%         1
 Ensorcelled Hibernation  Hex/Ice        0%         N/A       56%         2
 Confusing Touch          Hex            0%         N/A       80%         3
 Dazzling Flash           Conj/Hex       0%         N/A       80%         3
 Tukima's Dance           Hex            0%         N/A       80%         3
 Vampiric Draining        Necr           0%         2d6       80%         3
 Animate Dead             Necr           0%         N/A       99%         4
 Agony                    Necr           0%         N/A       100%        5


Dungeon Overview and Level Annotations

Branches:
Dungeon (3/15)

Altars:
Dithmenos

Shops:
D:2 (


Innate Abilities, Weirdness & Mutations

You have large cloven feet.
You have an unusually large brain. (Int +2)
You are agile. (Dex +2)


Message History

The gnoll hits you from afar with a +0 spear.
The gnoll misses you. The gnoll misses you.
There is a stone staircase leading up, spattered with blood here.
The gnoll hits you from afar with a +4 spear.
The gnoll misses you.
You climb upwards.
There is a stone staircase leading down here.
You start resting.
You start to feel less resistant.
Unknown command.
You start resting.
Your resistance to elements expires.
You start resting.
HP restored.
Items here: ( )) †.
Items here: ( )) †.
There is a stone staircase leading down here.
You climb downwards.
There is a stone staircase leading up, spattered with blood here.
The gnoll hits you from afar with a +4 spear!
The gnoll hits you with a +4 spear.
You closely miss the gnoll. The gnoll completely misses you.
You closely miss the gnoll. You kick the gnoll.
The gnoll is lightly wounded.
The gnoll hits you with a +4 spear.
You closely miss the gnoll.
The gnoll is lightly wounded.
The gnoll completely misses you.
You closely miss the gnoll. You kick the gnoll.
The gnoll is moderately wounded.
The gnoll hits you with a +4 spear! The gnoll barely misses you.
You closely miss the gnoll.
The gnoll is moderately wounded.
The gnoll hits you with a +4 spear!
* * * LOW HITPOINT WARNING * * *
You hit the gnoll.
The gnoll is heavily wounded.
The gnoll hits you with a +4 spear!
You die...

#...##..........#.##..# ######
..............###.....######.....
#...##.#.#.....##................
....##.#.......##.####...........
#....#.###.#...##.####...........
....................<............
#.####.###.#.......###...........
#.#.......[..........#......#####
#.#.##..........@#.#.#......#
..#.##.......#.g...#.#####.##
###.##.......#..#....# #.#
....##.............#######.#
###########..............#.#
#..............#.#
#..............#.#
##...#.........#.#
#...#.........#.#


You could see a gnoll.

Vanquished Creatures
  Terence (D:2)
  2 gnolls (D:2)
  An adder (D:2)
  A worm (D:3)
  A dart slug (D:3)
  6 ball pythons
  6 endoplasms
  4 giant cockroaches
  2 goblins (D:1)
  A hobgoblin (D:2)
  6 jackals
  6 kobolds
  3 quokkas
  3 bats
  3 frilled lizards
  9 rats
55 creatures vanquished.

Notes
Turn   | Place    | Note
-------+----------+-------------------------------------------
     0 | D:1      | Wyvernaa the Demonspawn Gladiator began the quest for the
                  | Orb.
     0 | D:1      | Reached XP level 1. HP: 16/16 MP: 1/1
   186 | D:1      | Gained mutation: You have large cloven feet. [demonic
                  | ancestry]
   186 | D:1      | Reached XP level 2. HP: 17/22 MP: 2/2
   297 | D:1      | Found a faded altar of an unknown god.
  1212 | D:2      | Noticed Terence
  1222 | D:2      | Killed Terence
  1223 | D:2      | Reached skill level 1 in Armour
  1223 | D:2      | Reached XP level 3. HP: 17/27 MP: 3/3
  1369 | D:2      | Found Uxken's Antique Weapon Boutique.
  1749 | D:2      | Gained mutation: You have an unusually large brain. (Int
                  | +2) [demonic ancestry]
  1749 | D:2      | Reached XP level 4. HP: 33/33 MP: 4/4
  2431 | D:3      | Found a shadowy altar of Dithmenos.
  2478 | D:3      | Gained mutation: Your magical capacity is low. (-10% MP)
                  | [potion of mutation]
  2478 | D:3      | Gained mutation: You are clumsy. (Dex -2) [potion of
                  | mutation]
  2478 | D:3      | Gained mutation: You have supernaturally acute eyesight.
                  | (SInv) [potion of mutation]
  2742 | D:2      | Lost mutation: Your magical capacity is low. (-10% MP)
                  | [potion of mutation]
  2742 | D:2      | Lost mutation: You are clumsy. (Dex -2) [potion of
                  | mutation]
  2742 | D:2      | Lost mutation: You have supernaturally acute eyesight.
                  | (SInv) [potion of mutation]
  2742 | D:2      | Gained mutation: You are agile. (Dex +2) [potion of
                  | mutation]
  3469 | D:3      | Mangled by a gnoll

Illustrated notes

Levels and vault maps discovered:
D:1:      nzn_arrival_crosshair, layout_rooms, ebering_ecumenical_altar_mist,
          serial_rivers, chequers_serial_rivers_large_a,
          chequers_serial_rivers_small_a, chequers_serial_rivers_room_b,
          chequers_serial_rivers_room_a, chequers_serial_rivers_small_3,
          chequers_serial_rivers_marsh, minivault_26
D:2:      layout_loops_cross, serial_shops, shop, kennysheep_generic_room_16,
          uniq_terence
D:3:      layout_basic, grunt_dithmenos_smoke

Skill      XL: |  1  2 |
---------------+-------+-----
Maces & Flails | 3 |  3.9
Dodging        | 3 |  3.2
Armour         | 1 |  1.4
Fighting       | |  2.4
Throwing       | |  1.8
Stealth        | |  0.5

Action                   |  1- 3 |  4- 6 || total
-------------------------+-------+-------++-------
Melee: Flail             |    89 |    74 ||   163
       Kick              |    10 |    21 ||    31
  Use: Potion            |     2 |     7 ||     9
       Scroll            |       |     2 ||     2
 Stab: Sleeping          |       |     1 ||     1
Armor: Leather armour    |    21 |     8 ||    29
Dodge: Dodged            |    67 |    86 ||   153

Table legend: (Time is in decaauts)
 A = Elapsed time spent in this place.
 B = Non-inter-level travel time spent in this place.
 C = Inter-level travel time spent in this place.
 D = Time resting spent in this place.
 E = Time spent auto-exploring this place.
 F = Levels seen in this place.
 G = Mean time per level.
                   A        B        C        D        E       F      G
               +--------+--------+--------+--------+--------+-----+--------+
         Total |   3536 |   3505 |     31 |   1020 |   1898 |   3 | 1178.7 |
       Dungeon |   3536 |   3505 |     31 |   1020 |   1898 |   3 | 1178.7 |
               +--------+--------+--------+--------+--------+-----+--------+

Top non-repeatable levels by time:
     D:2: 1809 daAuts
     D:1: 1229 daAuts
     D:3: 497 daAuts
